 Dungeon Crawl Stone Soup version 0.29-a0-294-g83ea962da3 (console) character file.

Game seed: 3351995586641898568

1141 Gather the Magician (level 8, -1/60 HPs)
             Began as a Mummy Earth Elementalist on Mar 18, 2022.
             Slain by a vampire mosquito (4 damage)
             ... on level 5 of the Dungeon.
             The game lasted 00:22:35 (8305 turns).

Gather the Magician (Mummy Earth Elementalist)      Turns: 8305, Time: 00:22:35

Health: -1/60      AC:  6    Str: 12    XL:     8   Next: 14%
Magic:  15/15      EV: 12    Int: 16    God:
Gold:   288        SH:  0    Dex: 12    Spells: 9/17 levels left

rFire   x . .      SeeInvis .   n - +4 quarterstaff (chaos)
rCold   + . .      Faith    .   (shield currently unavailable)
rNeg    + + +      Spirit   .   w - +2 robe {Will+}
rPois   ∞          Reflect  .   (no helmet)
rElec   .          Harm     .   m - +1 cloak
rCorr   .          Rampage  .   (no gloves)
Will    ++...                   (no boots)
Stlth   ++........              (no amulet)
HPRegen 0.20/turn               (no ring)
MPRegen 0.14/turn               (no ring)

@: no status effects
A: cold resistance 1, negative energy resistance 3, torment resistance 2, heat
vulnerability 1, in touch with death 1, no potions
a: no special abilities


You were on level 5 of the Dungeon.
You visited 1 branch of the dungeon, and saw 6 of its levels.

You collected 288 gold pieces.

Inventory:

Hand Weapons
 c - a +0 short sword
 g - a +0 mace
 h - a +0 dagger
 n - a +4 quarterstaff of chaos (weapon)
Missiles
 a - 57 stones
 l - 10 poisoned darts (quivered)
Armour
 b - a +0 robe
 m - a +1 cloak (worn)
 p - a +0 helmet
 q - a +0 animal skin
 w - a +2 robe of willpower (worn)
Wands
 o - a wand of flame (18)
 s - a wand of acid (5)
Scrolls
 d - a scroll of noise
 e - a scroll of torment
 f - a scroll of teleportation
 i - a scroll of vulnerability
 j - a scroll of blinking {unknown}
 k - a scroll of brand weapon {unknown}
 r - a scroll of fog {unknown}
 t - a scroll of silence {unknown}
 u - a scroll of fear
 v - a scroll of immolation
 x - a scroll of amnesia {unknown}
 y - a scroll of magic mapping {unknown}


   Skills:
 + Level 4.0 Fighting
 - Level 1.5 Dodging
 - Level 1.5 Stealth
 - Level 5.0 Spellcasting
 + Level 5.0 Conjurations
 - Level 1.1 Transmutations
 + Level 4.5 Earth Magic


You had 9 spell levels left.
You knew the following spells:

 Your Spells              Type           Power      Damage    Failure   Level
a - Sandblast             Erth           36%        2d10      2%          1
b - Stone Arrow           Conj/Erth      38%        3d9       6%          3
c - Passwall              Tmut/Erth      10%        N/A       8%          2
d - Searing Ray           Conj           40%        2d5       2%          2

Your spell library contained the following spells:

 Spells                   Type           Power      Damage    Failure   Level
 Magic Dart               Conj           80%        1d7       1%          1
 Mephitic Cloud           Conj/Pois/Air  9%         N/A       22%         3
 Ignite Poison            Fire/Tmut/Pois 5%         N/A       36%         3
 Inner Flame              Hex/Fire       4%         N/A       41%         3
 Petrify                  Tmut/Erth      13%        N/A       43%         4
 Fulminant Prism          Conj/Hex       6%         3d7       47%         4
 Cause Fear               Hex            2%         N/A       83%         4
 Passage of Golubria      Tloc           4%         N/A       83%         4
 Fireball                 Conj/Fire      6%         3d5       83%         5
 Freezing Cloud           Conj/Ice/Air   4%         6-21      91%         5
 Starburst                Conj/Fire      6%         6d4       100%        6
 Discord                  Hex            2%         N/A       100%        8
 Ignition                 Fire           2%         3d3       100%        8
 Beastly Appendage        Tmut           Unusable   N/A       N/A         1
 Wereblood                Tmut           Unusable   N/A       N/A         2
 Spider Form              Tmut/Pois      Unusable   N/A       N/A         3

Dungeon Overview and Level Annotations

Branches:
Dungeon (6/15)             Temple (0/1) D:4

Altars:
Dithmenos
Hepliaklqana

Shops:
D:5 [


Innate Abilities, Weirdness & Mutations

You are immune to poison.
Your flesh is cold resistant. (rC+)
You are immune to negative energy. (rN+++)
You are immune to unholy pain and torment.
You are vulnerable to heat. (rF-)
You are in touch with the powers of death.
You do not drink.


Message History

The vampire mosquito buzzes angrily.
A vampire mosquito comes into view. x2
The vampire mosquito moves out of view.
The vampire mosquito buzzes angrily.
The vampire mosquito closely misses you.
There is a stone staircase leading up here.
The vampire mosquito bites you.
The vampire mosquito bites you but does no damage.
The vampire mosquito misses you.
The vampire mosquito bites you but does no damage.
You climb upwards.
There is a stone staircase leading down here.
The vampire mosquito bites you but does no damage.
The vampire mosquito bites you. x2
The vampire mosquito attacks as you move away!
The vampire mosquito misses you. The vampire mosquito bites you. x2
The vampire mosquito attacks as you move away!
The vampire mosquito bites you.
The vampire mosquito attacks as you move away!
The vampire mosquito bites you! The vampire mosquito bites you.
The vampire mosquito bites you but does no damage.
You see here a +0 hunting sling.
Okay, then.
You can't see any enemies this would affect, really read the scroll of torment?
Okay, then.
As you read the scroll labelled SEKKEIPIOZ, it crumbles to dust.
You assume a fearsome visage.
The vampire mosquito is unaffected. x2; It was a scroll of fear.
The vampire mosquito bites you!
* * * LOW HITPOINT WARNING * * *
The vampire mosquito misses you.
The vampire mosquito bites you but does no damage. x2
As you read the scroll labelled NEKHLI KAMIHOW, it crumbles to dust.
The creatures around you are filled with an inner flame!
It was a scroll of immolation.
The vampire mosquito bites you!
* * * LOW HITPOINT WARNING * * *
The vampire mosquito bites you.
* * * LOW HITPOINT WARNING * * *
The vampire mosquito bites you.
* * * LOW HITPOINT WARNING * * *
The vampire mosquito bites you.
You die...

...## #........#
....##
##).......#
.....#
#.).......#
.....#
##........#
...###
##........# ####
###.........#
##...........# #
###...###...>..#
####..)###
##.....#
.#...### ##.yy##
....## ##.@#
..### ##.# .##
### .# .# .# ##


You could see 2 vampire mosquitoes.

Vanquished Creatures
  Edmund (D:4)
  An acid dragon (D:5)
  Duvessa (D:4)
  2 ice beasts (D:5)
  Blork the orc (D:4)
  A necrophage (D:4)
  Dowan (D:4)
  A jelly (D:4)
  An orc priest (D:5)
  Crazy Yiuf (D:2)
  Terence (D:3)
  Natasha (thrice) (D:3)
  An iguana (D:4)
  An orc wizard (D:5)
  Robin (D:3)
  5 adders
  4 gnolls (D:3)
  A white imp (D:5)
  A worm (D:2)
  6 dart slugs
  5 orcs
  13 endoplasms
  4 giant cockroaches
  11 goblins
  19 hobgoblins
  3 jackals (D:1)
  4 quokkas
  4 ball pythons
  5 bats
  3 frilled lizards
  6 kobolds
  6 rats
118 creatures vanquished.

Notes
Turn   | Place    | Note
-------+----------+-------------------------------------------
     0 | D:1      | Gather the Mummy Earth Elementalist began the quest for the
                  | Orb.
     0 | D:1      | Reached XP level 1. HP: 13/13 MP: 4/4
   269 | D:1      | Reached XP level 2. HP: 6/19 MP: 1/5
  1392 | D:1      | Gained mutation: You are in touch with the powers of death.
                  | [Mummy growth]
  1392 | D:1      | Reached XP level 3. HP: 13/24 MP: 2/7
  1727 | D:1      | Learned a level 3 spell: Stone Arrow
  1730 | D:1      | Learned a level 2 spell: Passwall
  2531 | D:2      | Found a faded altar of an unknown god.
  2717 | D:2      | Reached skill level 1 in Conjurations
  3040 | D:2      | Found a runed translucent door.
  3041 | D:2      | Noticed Crazy Yiuf
  3266 | D:2      | Reached XP level 4. HP: 25/31 MP: 0/8
  3444 | D:2      | Killed Crazy Yiuf
  3570 | D:3      | Found a hazy altar of Hepliaklqana.
  3608 | D:3      | Noticed Natasha
  3610 | D:3      | Killed Natasha
  3752 | D:3      | Noticed Robin
  3779 | D:3      | Killed Robin
  3780 | D:3      | Reached XP level 5. HP: 10/36 MP: 0/9
  4118 | D:3      | Got the Catalogue of the Scorching Compass
  4212 | D:3      | Noticed Terence
  4217 | D:3      | Killed Terence
  4517 | D:3      | Noticed Natasha
  4522 | D:3      | Killed Natasha
  4742 | D:3      | Noticed Natasha
  4743 | D:3      | Killed Natasha
  5027 | D:3      | Reached XP level 6. HP: 42/42 MP: 0/11
  5439 | D:4      | Reached skill level 1 in Fighting
  5572 | D:4      | Noticed Blork the orc
  5845 | D:4      | Noticed Duvessa
  5845 | D:4      | Noticed Dowan
  6237 | D:4      | Noticed Edmund
  6241 | D:4      | Killed Edmund
  6325 | D:4      | Killed Blork the orc
  6326 | D:4      | Reached XP level 7. HP: 44/50 MP: 6/13
  6450 | D:4      | Found a staircase to the Ecumenical Temple.
  6467 | D:4      | Killed Duvessa
  6469 | D:5      | Entered Level 5 of the Dungeon
  6579 | D:4      | Killed Dowan
  6936 | D:4      | Reached skill level 5 in Spellcasting
  7113 | D:4      | Learned a level 2 spell: Searing Ray
  7311 | D:5      | Found a shadowy altar of Dithmenos.
  7410 | D:5      | Found Rypta's Antique Armour Shop.
  7788 | D:5      | Reached XP level 8. HP: 60/60 MP: 5/15
  8095 | D:5      | Reached skill level 5 in Conjurations
  8095 | D:5      | Reached skill level 1 in Transmutations
  8305 | D:5      | HP: 3/60 [vampire mosquito (3)]
  8305 | D:5      | Slain by a vampire mosquito

Illustrated notes

Levels and vault maps discovered:
D:1:      shiori_shiawase, layout_loops_ring
D:2:      layout_loops_cross, chequers_ecumenical_altar_simple,
          uniq_crazy_yiuf_cottage
D:3:      layout_loops_ring, mainiacjoe_overflow_tiny_flanked,
          minmay_door_square, uniq_terence, uniq_natasha, uniq_robin
D:4:      layout_loops_ring, minmay_temple_entry_waves, corexii_checkpoint_a,
          corexii_item_surrounded_by_moat, minmay_mini_jars, uniq_edmund,
          uniq_duvessa, uniq_blork_the_orc
D:5:      layout_cave_pods, nicolae_dithmenos_the_darkroom, serial_shops,
          nicolae_shop_overgrown_old_shop, kennysheep_doodads
D:6:      layout_gridville, nicolae_tso_swordbearing_angel,
          minmay_misc_feat_iff, minmay_misc_feat_enclosed

Skill      XL: |  1  2  3  4  5  6  7  8 |
---------------+-------------------------+-----
Earth Magic    | 3 4 |  4.5
Conjurations   | 1 2 3 4 5 |  5.0
Spellcasting   | 3 4 5 |  5.0
Fighting       | 2 3 4 |  4.0
Transmutations | 1 |  1.1
Dodging        | |  1.5
Stealth        | |  1.5

Action                   |  1- 3 |  4- 6 |  7- 9 || total
-------------------------+-------+-------+-------++-------
Melee: Short sword       |    43 |       |       ||    43
       Unarmed           |     8 |       |       ||     8
       Punch             |     1 |       |       ||     1
       Mace              |    59 |       |       ||    59
       Quarterstaff      |       |    28 |     1 ||    29
Throw: Dart              |       |     7 |     5 ||    12
 Cast: Sandblast         |    34 |    28 |     5 ||    67
       Stone Arrow       |     3 |    33 |    32 ||    68
       Searing Ray       |       |       |     2 ||     2
Evoke: Wand              |       |     3 |       ||     3
  Use: Scroll            |       |     2 |     6 ||     8
 Stab: Sleeping          |     7 |     2 |       ||     9
       Petrifying        |       |     1 |       ||     1
Armor: Robe              |    24 |     5 |    13 ||    42
       Animal skin       |       |     6 |       ||     6
Dodge: Dodged            |    75 |    24 |     8 ||   107

Table legend: (Time is in decaauts)
 A = Elapsed time spent in this place.
 B = Non-inter-level travel time spent in this place.
 C = Inter-level travel time spent in this place.
 D = Time resting spent in this place.
 E = Time spent auto-exploring this place.
 F = Levels seen in this place.
 G = Mean time per level.
                   A        B        C        D        E       F      G
               +--------+--------+--------+--------+--------+-----+--------+
         Total |   8346 |   8057 |    289 |    750 |   6193 |   6 | 1391.0 |
       Dungeon |   8346 |   8057 |    289 |    750 |   6193 |   6 | 1391.0 |
               +--------+--------+--------+--------+--------+-----+--------+

Top non-repeatable levels by time:
     D:3: 2134 daAuts
     D:1: 1988 daAuts
     D:2: 1599 daAuts
     D:4: 1462 daAuts
     D:5: 1146 daAuts
     D:6: 14 daAuts
